Map: Orbital Shipyard

Players

ReacH - Winner!

  • Race: Protoss Protoss
  • League: Diamond

ClanArt

  • Race: Protoss Protoss
  • League: Diamond

VOD

Have the link to the VOD?

Description

Time

  • Played on: March 1, 2016, 6:03 p.m.
  • Length: 11:04
Show
View Real Time Build Order
Export as new Build Order

ReacH Protoss - Winner!

Build Orders: 1 Gate Expand, Oracle Opening 

Get SALT Encoding   

  12  0:01  Probe (Chrono Boost)  
  13  0:11  Probe (Chrono Boost)  
  14  0:18  Pylon  
  14  0:22  Probe (Chrono Boost)  
  15  0:36  Probe (Chrono Boost), Gateway  
  16  0:46  Probe (Chrono Boost)  
  16  0:48  Assimilator  
  17  0:57  Probe (Chrono Boost)  
  18  1:08  Probe (Chrono Boost)  
  20  1:18  Probe (Chrono Boost)  
  20  1:26  Nexus  
  20  1:29  Probe (Chrono Boost)  
  21  1:39  Probe (Chrono Boost)  
  22  1:41  Cybernetics Core  
  22  1:49  Pylon  
  22  1:51  Probe (Chrono Boost)  
  23  1:58  Assimilator  
  23  2:07  Probe (Chrono Boost)  
  24  2:17  Probe (Chrono Boost)  
  24  2:18  Adept (Chrono Boost)  
  29  2:30  Mothership Core (Chrono Boost)  
  29  2:43  Probe (Chrono Boost)  
  30  2:49  Probe (Chrono Boost)  
  31  2:52  Stargate  
  31  2:54  Probe (Chrono Boost)  
  32  2:59  Assimilator  
  32  3:00  Probe (Chrono Boost)  
  32  3:03  Assimilator  
  32  3:04  Probe (Chrono Boost)  
  34  3:05  Pylon  
  34  3:09  Warp Gate  
  34  3:10  Probe (Chrono Boost)  
  35  3:15  Probe (Chrono Boost)  
  36  3:21  Probe (Chrono Boost)  
  36  3:25  Probe (Chrono Boost)  
  38  3:31  Probe (Chrono Boost)  
  39  3:35  Probe (Chrono Boost)  
  39  3:39  Oracle (Chrono Boost)  
  43  3:42  Probe  
  43  3:45  Probe  
  43  3:48  Gateway  
  43  3:50  Gateway  
  43  3:54  Probe  
  43  3:55  Probe, Stalker  
  46  4:02  Twilight Council  
  47  4:05  Pylon  
  47  4:06  Probe x2  
  49  4:11  Oracle (Chrono Boost)  
  52  4:18  Probe x2  
  52  4:19  Pylon  
  54  4:25  Stalker  
  56  4:34  Probe  
  57  4:39  Blink (Chrono Boost), Probe  
  57  4:41  Stalker  
  57  4:42  Stalker  
  62  4:46  Probe  
  62  4:50  Probe  
  61  4:55  Stalker  
  63  5:01  Robotics Facility  
  63  5:04  Probe  
  64  5:11  Nexus  
  64  5:13  Pylon  
  64  5:22  Probe  
  65  5:34  Robotics Facility  
  65  5:35  Probe  
  65  5:36  Pylon  
  65  5:37  Probe  
  65  5:41  Forge  
  67  5:49  Gateway  
  67  5:52  Observer, Robotics Bay  
  67  5:54  Gateway  
  68  6:12  Warp Prism (Chrono Boost)  
  70  6:25  Probe  
  70  6:26  Probe x2  
  73  6:34  Templar Archives  
  73  6:37  Pylon  
  73  6:38  Pylon, Probe, Disruptor (Chrono Boost)  
  77  6:42  Protoss Ground Weapons Level 1  
  77  6:44  Probe  
  77  6:45  Probe  
  77  6:47  Pylon  
  79  6:48  Disruptor (Chrono Boost)  
  79  6:50  Assimilator, Stalker x3  
  79  6:51  Stalker  
  90  6:54  Assimilator  
  90  6:57  Probe  
  90  6:58  Probe  
  92  7:02  Probe  
  92  7:07  Gateway  
  93  7:09  Gateway  
  93  7:11  Probe  
  94  7:20  Probe  
  94  7:21  Disruptor (Chrono Boost)  
  95  7:24  Disruptor (Chrono Boost)  
  95  7:29  Probe  
  99  7:31  Charge (Chrono Boost)  
  99  7:40  Probe  
  99  7:41  Probe x2  
  102  7:45  Stalker x3  
  102  7:46  Stalker x2  
  111  7:54  Disruptor  
  111  8:02  Gateway  
  111  8:03  Gateway  
  113  8:19  Disruptor  
  116  8:29  Disruptor  
  116  8:30  Adept x3  
  125  8:36  Nexus  
  125  8:39  Pylon  
  125  8:40  Protoss Ground Weapons Level 2 (Chrono Boost)  
  125  8:41  Pylon, Photon Cannon  
  125  8:42  Photon Cannon  
  125  8:48  Pylon, Resonating Glaives  
  125  8:50  Pylon  
  125  8:59  Disruptor  
  128  9:04  Disruptor  
  128  9:06  Adept  
  128  9:07  Adept  
  128  9:09  Stalker x3  
  137  9:27  Stalker x2  
  141  9:33  Assimilator  
  141  9:35  Disruptor  
  141  9:38  Dark Shrine, Assimilator, Forge  
  144  9:41  Immortal  
  148  9:57  Photon Cannon  
  148  9:59  Photon Cannon  
  148  10:02  Photon Cannon x2  
  148  10:11  Pylon  
  148  10:13  Stalker x7  
  162  10:14  Pylon  
  143  10:48  Adept x4  
  143  10:49  Adept  
Show
View Real Time Build Order
Export as new Build Order

ClanArt Protoss 

Build Orders: 1 Gate Expand 

Get SALT Encoding   

  12  0:01  Probe (Chrono Boost)  
  13  0:12  Probe (Chrono Boost)  
  14  0:20  Pylon  
  14  0:22  Probe (Chrono Boost)  
  15  0:38  Probe (Chrono Boost)  
  15  0:41  Gateway  
  16  0:43  Assimilator  
  16  0:48  Probe (Chrono Boost)  
  17  0:59  Probe (Chrono Boost)  
  18  1:10  Probe (Chrono Boost)  
  19  1:22  Nexus  
  19  1:26  Assimilator  
  19  1:35  Cybernetics Core  
  19  1:39  Probe (Chrono Boost)  
  20  1:50  Probe (Chrono Boost)  
  21  2:01  Probe (Chrono Boost)  
  21  2:05  Pylon  
  22  2:11  Warp Gate  
  22  2:15  Probe (Chrono Boost)  
  23  2:26  Mothership Core (Chrono Boost)  
  25  2:35  Probe (Chrono Boost)  
  26  2:38  Stalker  
  26  2:39  Pylon  
  29  2:44  Probe (Chrono Boost)  
  29  2:45  Probe (Chrono Boost)  
  29  2:50  Gateway  
  30  2:55  Probe (Chrono Boost)  
  30  2:56  Probe (Chrono Boost)  
  32  3:05  Probe (Chrono Boost)  
  33  3:06  Probe (Chrono Boost)  
  33  3:10  Robotics Facility  
  34  3:16  Probe (Chrono Boost)  
  34  3:17  Probe (Chrono Boost)  
  34  3:18  Stalker  
  36  3:34  Probe (Chrono Boost)  
  36  3:40  Stalker  
  37  3:43  Probe (Chrono Boost)  
  37  3:45  Probe (Chrono Boost)  
  39  3:54  Probe (Chrono Boost)  
  41  3:55  Probe (Chrono Boost)  
  41  3:57  Pylon  
  41  3:59  Assimilator  
  41  4:01  Assimilator  
  41  4:03  Observer  
  41  4:04  Probe (Chrono Boost)  
  41  4:06  Probe (Chrono Boost)  
  44  4:15  Probe (Chrono Boost)  
  44  4:16  Probe (Chrono Boost)  
  46  4:25  Probe (Chrono Boost)  
  46  4:27  Probe (Chrono Boost), Observer  
  49  4:36  Probe (Chrono Boost)  
  49  4:38  Probe (Chrono Boost)  
  51  4:45  Nexus  
  51  4:47  Probe (Chrono Boost)  
  51  4:48  Pylon, Probe (Chrono Boost)  
  53  4:57  Probe (Chrono Boost)  
  53  4:59  Probe (Chrono Boost)  
  55  5:01  Stalker x2  
  55  5:02  Warp Prism (Chrono Boost)  
  61  5:10  Pylon  
  61  5:14  Pylon  
  60  5:27  Stalker  
  60  5:28  Stalker  
  64  5:38  Immortal (Chrono Boost), Robotics Bay  
  64  5:41  Probe  
  69  5:50  Forge  
  69  5:51  Probe  
  69  5:54  Pylon  
  69  5:56  Probe  
  70  6:01  Probe  
  70  6:02  Probe  
  70  6:03  Stalker x2  
  77  6:06  Probe  
  77  6:08  Gateway  
  78  6:12  Gateway  
  78  6:14  Gateway  
  78  6:17  Gateway  
  74  6:27  Probe  
  74  6:28  Probe x2  
  77  6:33  Pylon  
  77  6:35  Disruptor (Chrono Boost)  
  77  6:36  Gravitic Drive  
  77  6:38  Probe x2  
  81  6:40  Probe, Stalker  
  81  6:43  Stalker  
  87  6:48  Probe  
  87  6:49  Probe  
  87  6:52  Probe  
  87  6:53  Photon Cannon  
  90  7:06  Disruptor (Chrono Boost)  
  90  7:08  Stalker x2  
  97  7:12  Stalker x2  
  97  7:13  Stalker  
  103  7:22  Probe x3  
  100  7:29  Pylon  
  102  7:32  Probe x2  
  102  7:34  Probe  
  105  7:37  Disruptor (Chrono Boost)  
  105  7:44  Pylon  
  108  7:46  Probe  
  108  7:48  Adept x4  
  117  8:08  Disruptor (Chrono Boost)  
  104  8:33  Stalker x5  
  114  8:34  Probe, Stalker  
  114  8:35  Probe  
  114  8:37  Assimilator  
  114  8:39  Disruptor (Chrono Boost)  
  114  8:40  Twilight Council  
  121  8:42  Assimilator  
  121  8:45  Stargate  
  121  8:47  Robotics Facility  
  117  9:06  Protoss Ground Weapons Level 1 (Chrono Boost)  
  117  9:08  Blink (Chrono Boost)  
  116  9:15  Nexus  
  116  9:18  Disruptor  
  119  9:50  Photon Cannon  
  119  9:53  Photon Cannon  
  119  9:57  Photon Cannon  
  119  10:01  Pylon  
  119  10:02  Oracle (Chrono Boost)  
  119  10:03  Pylon  
  119  10:05  Immortal  
  122  10:10  Immortal  
  130  10:15  Nexus  
  130  10:16  Zealot  
  130  10:20  Pylon  
  132  10:24  Pylon, Adept  
  132  10:25  Adept x4  
  132  10:27  Pylon  
  137  10:40  Adept  
Tags
 
Add a new tag
Caveats
  • Supply blocks, unpowered buildings, or Contaminate may cause inaccurate times.
  • Supply counts are checked every 10 seconds.